 Dungeon Crawl Stone Soup version 0.20.0-8-g6b59dc7 (webtiles) character file.

15456 Axe the Cruncher (level 12, -7/110 HPs)
             Began as a Minotaur Gladiator on June 2, 2017.
             Was a High Priest of Makhleb.
             Shot with an arrow by a centaur (8 damage)
             ... in a volcano.
             The game lasted 00:26:47 (14599 turns).

Axe the Cruncher (Minotaur Gladiator)              Turns: 14599, Time: 00:26:48

Health: -7/110     AC:  7    Str: 20    XL:     12   Next: 1%
Magic:  11/11      EV: 21    Int:  5    God:    Makhleb [*****.]
Gold:   511        SH:  0    Dex: 19    Spells: 11/11 levels left

rFire    + . .     SeeInvis .   q - +8 quarterstaff (chaos)
rCold    + . .     Gourm    .   (shield currently unavailable)
rNeg     . . .     Faith    +   e - +1 robe of Patterns {Dex+3}
rPois    .         Spirit   .   c - +0 hat
rElec    .         Reflect  .   t - scarf {rC+ rF+}
rCorr    +         Harm     .   (no gloves)
MR       .....                  M - +2 pair of boots
Stlth    ++........             A - amulet of faith
Regen    0.3/turn               i - ring of resist corrosion
MPRegen  0.2/turn               j - ring of flight

@: flying, very slightly contaminated, invisible
A: retaliatory headbutt, horns 2
a: Minor Destruction, Lesser Servant of Makhleb, Major Destruction, Greater
Servant of Makhleb, Renounce Religion


You were in a volcano.
You worshipped Makhleb.
Makhleb was extremely pleased with you.
You were not hungry.

You visited 2 branches of the dungeon, and saw 13 of its levels.
You also visited: Volcano.

You collected 859 gold pieces.
You spent 348 gold pieces at shops.

Inventory:

Hand Weapons
 q - a +8 quarterstaff of chaos (weapon)
Missiles
 d - 4 throwing nets (quivered)
Armour
 c - a +0 hat (worn)
 e - the +1 robe of Patterns (worn) {Dex+3}
   (You bought it in a shop on level 4 of the Dungeon)

   It affects your dexterity (+3).
 r - a +0 cloak
 t - a scarf of resistance (worn)
 K - a scarf of cloud immunity
 M - a +2 pair of boots (worn)
 P - a +0 chain mail of magic resistance
Jewellery
 i - a ring of resist corrosion (left hand)
 j - a ring of flight (right hand)
 w - a cursed ring of loudness
 A - an amulet of faith (around neck)
 C - an uncursed ring of protection from cold
 F - an uncursed ring of ice
Wands
 p - a wand of iceblast (10/15)
 z - a wand of enslavement (14/24)
 B - a wand of polymorph (9/24)
 E - a wand of polymorph (20/24)
 J - a wand of confusion (15/48)
Scrolls
 l - 7 scrolls of identify
 m - a scroll of enchant armour
 y - a scroll of recharging
 D - 4 scrolls of remove curse
 I - 2 scrolls of blinking
Potions
 a - 2 potions of magic
 g - a potion of invisibility
 n - a potion of mutation {unknown}
 o - 3 potions of heal wounds {unknown}
 s - 2 potions of flight
 u - a potion of lignification
 H - 3 potions of curing
 L - a potion of berserk rage {unknown}
 Q - a potion of brilliance {unknown}
 R - a potion of degeneration {unknown}
 T - a potion of might
Books
 O - a book of Callings

   Spells                             Type                      Level
   a - Summon Small Mammal            Summoning                    1
   b - Call Imp                       Summoning                    2
   c - Call Canine Familiar           Summoning                    3
   d - Summon Guardian Golem          Hexes/Summoning              3
   e - Summon Lightning Spire         Summoning/Air                4
   f - Summon Ice Beast               Ice/Summoning                4
 S - a book of Maledictions

   Spells                             Type                      Level
   a - Corona                         Hexes                        1
   b - Ensorcelled Hibernation        Hexes/Ice                    2
   c - Confuse                        Hexes                        3
   d - Tukima's Dance                 Hexes                        3
   e - Dazzling Spray                 Conjuration/Hexes            3
Miscellaneous
 b - a sack of spiders
Comestibles
 f - 10 bread rations
 h - 9 royal jellies
 k - 4 chunks of flesh
 v - 2 fruits
 x - 2 meat rations


   Skills:
 - Level 11.2 Fighting
   Level 9.1(12.2) Maces & Flails
 - Level 13.0(14.0) Staves
 - Level 2.0 Throwing
 + Level 7.5 Armour
 * Level 10.6 Dodging


You had 11 spell levels left.
You didn't know any spells.

Dungeon Overview and Level Annotations

Branches:
Dungeon (12/15)            Temple (0/1) D:7            Lair (1/6) D:11
    Orc: D:9-12

Altars:
Elyvilon
Fedhas
Gozag
Hepliaklqana
Makhleb
Nemelex Xobeh
Okawaru
Sif Muna
Trog
Vehumet
Yredelemnul
Zin
The Shining One

Shops:
D:4 [   D:9 [   D:12 ?


Innate Abilities, Weirdness & Mutations

You reflexively headbutt those who attack you in melee.
You have a pair of horns on your head.


Message History

The centaur shoots an arrow.
The arrow completely misses you.
The centaur shoots an arrow.
The arrow hits the hell knight!
The hell knight hits you with a scimitar of flaming.
* * * LOW HITPOINT WARNING * * *
The centaur shoots an arrow. x2; The arrow hits the hell knight.
The centaur shoots an arrow.
The centaur shoots an arrow.
The hell knight gestures at something while chanting.
The centaur shoots an arrow.
The arrow completely misses you.
The hell knight casts a spell at something.
The centaur shoots an arrow. x2; The arrow misses you.
The centaur shoots an arrow.
The arrow completely misses you.
There is a rock-blocked tunnel here.
You see here an arrow.
The centaur shoots an arrow.
The arrow closely misses you.
The centaur shoots an arrow.
The arrow hits you!
* * * LOW HITPOINT WARNING * * *
You see here an arrow.
The centaur shoots an arrow.
The arrow hits you!
You die...

#8c..8#
#.....#
#..pc.#
#8..c8#
#.....#
#....(#
#8.(.8#
##.(.##
##@##
###


You could see a hell knight and 2 centaurs.

Vanquished Creatures
  A centaur warrior (Volcano)
  2 two-headed ogres
  A wizard (D:12)
  2 ugly things (D:11)
  A deep elf mage (D:11)
  A manticore (D:12)
  A black mamba (Lair:1)
  A spiny frog (Lair:1)
  A rime drake (Lair:1)
  A kobold demonologist (D:12)
  A komodo dragon (D:11)
  Grinder (D:4)
  A hornet (D:9)
  2 hippogriffs
  Sigmund (D:6)
  2 wyverns
  6 yaks
  The ghost of lastplaneout the Cudgeler, an amateur HOFi (D:4)
  3 hogs (D:8)
  A human (D:8)
  A vampire mosquito (D:12)
  2 water moccasins
  2 hell hounds (Lair:1)
  A porcupine (Lair:1)
  6 ice beasts
  4 orc warriors
  An eye of draining (D:8)
  A boggart (D:7)
  4 ogres
  A phantom (D:9)
  5 centaurs
  A wolf (D:11)
  A crocodile (D:11)
  A big kobold (D:6)
  Blork the orc (D:7)
  A wyvern zombie (D:9)
  10 bullfrogs
  A gnoll sergeant (D:6)
  A wyvern skeleton (D:8)
  A water moccasin zombie (D:8)
  4 scorpions
  3 killer bees (D:10)
  12 wights
  5 electric eels (D:9)
  4 howler monkeys
  2 bullfrog zombies
  A centaur zombie (D:9)
  6 crimson imps
  4 hounds
  2 gnoll shamans
  2 jellies
  7 orc priests
  Crazy Yiuf (D:4)
  A bullfrog skeleton (D:12)
  4 orc wizards
  3 centaur skeletons
  6 iguanas
  9 worker ants
  A hound zombie (D:7)
  Robin (D:4)
  17 gnolls
  10 adders
  A howler monkey skeleton (D:5)
  2 shadow imps (D:11)
  An ooze (D:3)
  An adder zombie (D:8)
  An adder skeleton (D:9)
  A worm (D:5)
  5 dart slugs
  6 leopard geckos
  41 orcs
  8 giant cockroaches
  2 gnoll zombies (D:8)
  17 goblins
  3 hobgoblins
  7 jackals
  28 kobolds
  8 quokkas
  5 ball pythons
  4 bats
  4 frilled lizards
  A jackal skeleton (D:4)
  A quokka skeleton (D:5)
  5 rats
  3 plants (D:6)
337 creatures vanquished.

Vanquished Creatures (others)
  A hippogriff (D:6)
  26 plants
27 creatures vanquished.

Grand Total: 364 creatures vanquished

Notes
Turn   | Place    | Note
-------+----------+-------------------------------------------
     0 | D:1      | Axe the Minotaur Gladiator began the quest for the Orb.
     0 | D:1      | Reached XP level 1. HP: 18/18 MP: 0/0
   190 | D:1      | Reached XP level 2. HP: 25/25 MP: 1/1
   854 | D:2      | Reached XP level 3. HP: 31/31 MP: 2/2
  1031 | D:2      | Reached skill level 5 in Maces & Flails
  1498 | D:3      | Reached XP level 4. HP: 19/38 MP: 3/3
  1706 | D:3      | Found a white marble altar of Elyvilon.
  1751 | D:3      | Found a deep blue altar of Sif Muna.
  1751 | D:3      | Found a sparkling altar of Nemelex Xobeh.
  1752 | D:3      | Found a blossoming altar of Fedhas.
  2458 | D:3      | Found a glowing silver altar of Zin.
  2560 | D:4      | Reached XP level 5. HP: 46/46 MP: 4/4
  2599 | D:4      | Noticed Robin
  2638 | D:4      | Killed Robin
  2771 | D:4      | Noticed Blork the orc
  2771 | D:4      | Noticed Grinder
  3076 | D:4      | Killed Grinder
  3076 | D:4      | Reached skill level 5 in Fighting
  3076 | D:4      | Reached XP level 6. HP: 56/56 MP: 5/5
  3164 | D:4      | Found Iticekh's Antique Armour Emporium.
  3175 | D:4      | Bought a smoking robe for 153 gold pieces
  3185 | D:4      | Identified the +1 robe of Patterns {Dex+3} (You bought it in a shop on level 4 of the Dungeon)
  3631 | D:4      | Noticed lastplaneout's ghost (amateur HOFi)
  3651 | D:4      | Killed lastplaneout's ghost
  3651 | D:4      | Reached XP level 7. HP: 39/62 MP: 6/6
  3866 | D:4      | Found a runed door.
  3988 | D:4      | Noticed Crazy Yiuf
  3992 | D:4      | Killed Crazy Yiuf
  4070 | D:5      | Entered Level 5 of the Dungeon
  4277 | D:5      | Found an opulent altar of Gozag.
  4500 | D:5      | Reached skill level 1 in Staves
  4741 | D:5      | Reached skill level 2 in Staves
  4987 | D:6      | Found a hazy altar of Hepliaklqana.
  5013 | D:6      | Reached skill level 3 in Staves
  5013 | D:6      | Reached XP level 8. HP: 66/71 MP: 7/7
  5062 | D:6      | Found a radiant altar of Vehumet.
  5110 | D:6      | Reached skill level 4 in Staves
  5335 | D:6      | Noticed Sigmund
  5341 | D:6      | Killed Sigmund
  5341 | D:6      | Reached skill level 5 in Staves
  5401 | D:6      | Noticed a hippogriff
  5413 | D:6      | Banished a hippogriff
  5413 | D:6      | Reached skill level 6 in Staves
  5652 | D:6      | Reached skill level 7 in Staves
  5835 | D:6      | Found a bloodstained altar of Trog.
  5894 | D:6      | Found a burning altar of Makhleb.
  5897 | D:6      | Became a worshipper of Makhleb the Destroyer
  6108 | D:6      | Reached XP level 9. HP: 76/82 MP: 8/8
  6117 | D:6      | Reached skill level 8 in Staves
  6140 | D:6      | Reached * piety under Makhleb
  6478 | D:7      | Found a staircase to the Ecumenical Temple.
  6954 | D:7      | Reached skill level 9 in Staves
  7036 | D:7      | Killed Blork the orc
  7569 | D:8      | Reached skill level 10 in Staves
  7675 | D:8      | Reached ** piety under Makhleb
  8107 | D:8      | Reached skill level 10 in Fighting
  8279 | D:8      | Reached skill level 11 in Staves
  8288 | D:8      | Reached XP level 10. HP: 77/93 MP: 9/9
  9001 | D:8      | Reached *** piety under Makhleb
  9006 | D:8      | Found a basalt altar of Yredelemnul.
  9288 | D:8      | Found a glowing golden altar of the Shining One.
  9726 | D:9      | Reached skill level 12 in Staves
  9833 | D:9      | Found Wuobawuy's Antique Armour Shop.
  9841 | D:9      | Bought a pair of runed boots for 195 gold pieces
 11001 | D:9      | Found an iron altar of Okawaru.
 11066 | D:9      | Reached skill level 13 in Staves
 11214 | D:10     | Entered Level 10 of the Dungeon
 11219 | D:10     | Reached **** piety under Makhleb
 11277 | D:10     | Reached skill level 1 in Armour
 11456 | D:10     | Reached skill level 5 in Dodging
 12261 | D:10     | Reached XP level 11. HP: 102/102 MP: 10/10
 12298 | D:11     | Noticed a two-headed ogre
 12325 | D:11     | Killed a two-headed ogre
 12661 | D:11     | Found a staircase to the Lair.
 12792 | D:11     | Noticed a deep elf mage
 12805 | D:11     | Killed a deep elf mage
 12852 | D:11     | Noticed a cyan ugly thing
 12868 | D:11     | Killed a cyan ugly thing
 12868 | D:11     | Reached skill level 5 in Armour
 12901 | D:11     | Noticed a purple ugly thing
 12917 | D:11     | Killed a purple ugly thing
 13279 | D:12     | Noticed a two-headed ogre
 13292 | D:12     | Killed a two-headed ogre
 13374 | D:12     | Noticed a wizard
 13380 | D:12     | Noticed an orc knight
 13382 | D:12     | Noticed a deep elf mage
 13384 | D:12     | Noticed a brown ugly thing
 13397 | D:12     | Killed a wizard
 13397 | D:12     | Reached ***** piety under Makhleb
 13402 | D:12     | Noticed an orc warlord
 13403 | D:12     | Noticed a stone giant
 13410 | D:12     | Found Vas Oxky's Magic Scroll Shop.
 13411 | D:12     | Noticed an orc knight
 13411 | D:12     | Noticed a two-headed ogre
 14080 | Lair:1   | Entered Level 1 of the Lair of Beasts
 14182 | Lair:1   | Reached skill level 10 in Dodging
 14534 | Lair:1   | Found a dark tunnel.
 14540 | Volcano  | Entered a volcano
 14556 | Volcano  | Noticed a centaur warrior
 14561 | Volcano  | Found a radiant altar of Vehumet.
 14562 | Volcano  | Noticed a hell knight
 14572 | Volcano  | Killed a centaur warrior
 14572 | Volcano  | Reached XP level 12. HP: 35/110 MP: 9/11
 14590 | Volcano  | HP: 5/110 [hell knight/scimitar of flaming (3)]
 14598 | Volcano  | HP: 1/110 [centaur/arrow (7)]
 14599 | Volcano  | Shot with an arrow by a centaur

Skill      XL: |  1  2  3  4  5  6  7  8  9 10 11 |
---------------+----------------------------------+-----
Maces & Flails | 4 5 6 7 8 9 |  9.1
Fighting       | 3 4 5 6 8 10 11 | 11.2
Staves         | 3 7 11 13 | 13.0
Armour         | 3 7 |  7.5
Dodging        | 5 10 | 10.6
Throwing       | |  2.0

Action                   |  1- 3 |  4- 6 |  7- 9 | 10-12 || total
-------------------------+-------+-------+-------+-------++-------
Melee: Flail             |    62 |   142 |    24 |       ||   228
       Headbutt          |     7 |    26 |    78 |    86 ||   197
       Quarterstaff      |       |       |   275 |   363 ||   638
 Abil: Evoke Flight      |       |       |       |     1 ||     1
Evoke: Wand              |       |       |       |     3 ||     3
  Use: Scroll            |     4 |     4 |     3 |    12 ||    23
       Potion            |       |     4 |       |     3 ||     7
 Stab: Paralysed         |       |       |     2 |     6 ||     8
       Distracted        |       |       |     2 |       ||     2
       Sleeping          |       |       |     1 |     1 ||     2
       Petrifying        |       |       |       |     5 ||     5
       Confused          |       |       |       |     6 ||     6
  Eat: Chunk             |     2 |     7 |    14 |     6 ||    29
       Fruit             |       |       |       |     4 ||     4
       Bread ration      |       |       |       |     2 ||     2
       Royal jelly       |       |       |       |     1 ||     1
Armor: Leather armour    |     8 |       |       |       ||     8
       Ring mail         |     8 |    39 |       |       ||    47
       Skin              |       |     7 |       |       ||     7
       Robe              |       |     1 |    40 |    35 ||    76
Dodge: Dodged            |    45 |    92 |   131 |   197 ||   465
